 Dungeon Crawl Stone Soup version 0.25.0-11-g1f837a76a1 (webtiles) character file.

Game seed: 2806470160503630987

8 Acheron the Caller (level 2, 0/15 HPs)
             Began as a Tengu Wanderer on June 27, 2020.
             Slain by a goblin
             ... wielding a +0 dagger
              (2 damage)
             ... on level 1 of the Dungeon.
             The game lasted 00:03:44 (633 turns).

Acheron the Caller (Tengu Wanderer)                  Turns: 633, Time: 00:03:44

Health: 0/15       AC:  2    Str: 10    XL:     2   Next: 8%
Magic:  3/3        EV: 11    Int: 12    God:
Gold:   24         SH:  0    Dex: 15    Spells: 0/1 levels left

rFire    . . .     SeeInvis .   g - +0 dagger
rCold    . . .     Gourm    .   (no shield)
rNeg     . . .     Faith    .   e - +0 robe
rPois    .         Spirit   .   (helmet restricted)
rElec    .         Reflect  .   (no cloak)
rCorr    .         Harm     .   (no gloves)
MR       .....                  (boots unavailable)
Stlth    +.........             (no amulet)
HPRegen  0.05/turn              (no ring)
MPRegen  0.08/turn              (no ring)

@: mighty, lethally poisoned (0 -> -14)
A: beak, talons 3
a: no special abilities


You were on level 1 of the Dungeon.
You were not hungry.

You visited 1 branch of the dungeon, and saw 1 of its levels.

You collected 24 gold pieces.

Inventory:

Hand Weapons
 a - a +0 shortbow
 g - a +0 dagger (weapon)
Missiles
 d - 48 arrows
 i - 13 poisoned darts (quivered)
Armour
 c - a +0 scale mail
 e - a +0 robe (worn)
Comestibles
 f - 2 rations
 h - 2 chunks of flesh


   Skills:
 + Level 1.2 Bows
 + Level 1.0 Throwing
 + Level 2.4 Armour
 + Level 4.1 Summonings
   Level 1.7 Ice Magic
   Level 1.0 Evocations


You couldn't memorise any spells.
You knew the following spells:

 Your Spells              Type           Power        Failure   Level  Hunger
a - Summon Small Mammal   Summ           #...         6%          1    ##.....

Your spell library contained the following spells:

 Spells                   Type           Power        Failure   Level  Hunger
 Call Imp                 Summ           #.......     10%         2    ###....
 Call Canine Familiar     Summ           #.......     19%         3    ####...
 Summon Guardian Golem    Hex/Summ       #.......     41%         3    ####...
 Corpse Rot               Necr/Air       N/A          45%         2    ###....
 Sublimation of Blood     Necr           #.........   45%         2    ###....
 Summon Ice Beast         Ice/Summ       #.......     69%         4    #####..
 Summon Lightning Spire   Summ/Air       #.......     82%         4    #####..


Dungeon Overview and Level Annotations

Branches:
Dungeon (1/15)

Altars:


Innate Abilities, Weirdness & Mutations

You have a beak for a mouth.
You have claws for feet.


Message History

The poisoned dart barely misses you.
Firing (i - inventory. (/) - cycle)
d - 49 arrows (quivered)
Press: ? - help, Shift-Dir - straight line, f/p - goblin
Aim: a goblin, wielding a +0 dagger, wearing a +0 leather armour and quivering 10 poisoned darts (severely wounded)
You shoot an arrow.
The arrow hits the goblin but does no damage.
The goblin is severely wounded.
You feel sick.
An ooze comes into view.
The goblin hits you but does no damage.
* * * LOW HITPOINT WARNING * * *
You feel sick.
It was a potion of might.
You feel very mighty all of a sudden.
* * * LOW HITPOINT WARNING * * *
You feel sick. The goblin closely misses you.
g - a +0 dagger (weapon)
* * * LOW HITPOINT WARNING * * *
You feel sick. The goblin hits you with a +0 dagger.
You die...

.....).# #.# ##.###.####.#
....... ............#
.g...J# ...#..####..#
...... #†##.##..##.# .....
#.#..#)...#.# ...#
#.#..÷.#..#.## .(.#
#.##..##.##..######(..###.
#..####..#......@grg......
#..........#.#############
#..####..#.#.#
##.........#.#
###########.# #.# #.# .[.


You could see 2 goblins and a rat.

Vanquished Creatures
  2 goblins (D:1)
  2 hobgoblins (D:1)
  A bat (D:1)
  2 kobolds (D:1)
  A rat (D:1)
8 creatures vanquished.

Notes
Turn   | Place    | Note
-------+----------+-------------------------------------------
     0 | D:1      | Acheron the Tengu Wanderer began the quest for the Orb.
     0 | D:1      | Acheron set off with the following items: a +0 shortbow, 26
                  | arrows, a +0 robe, a ration; and the following spell
                  | memorised: Summon Small Mammal; and the following spells
                  | available to memorise: Call Imp, Call Canine Familiar,
                  | Summon Guardian Golem, Corpse Rot, Sublimation of Blood,
                  | Summon Ice Beast, Summon Lightning Spire
     0 | D:1      | Reached XP level 1. HP: 10/10 MP: 2/2
   343 | D:1      | Reached skill level 4 in Summonings
   434 | D:1      | Reached XP level 2. HP: 7/15 MP: 3/3
   633 | D:1      | Slain by a goblin

Illustrated notes

Levels and vault maps discovered:
D:1:      dpeg_arrival_yet_another_circle, layout_loops_ring,
          minmay_close_crescents

Skill      XL: |  1 |
---------------+----+-----
Summonings     | 4 |  4.1
Bows           | |  1.2
Throwing       | |  1.0
Armour         | |  2.4
Ice Magic      | |  1.7
Evocations     | |  1.0

Action                   || total
-------------------------++-------
Melee: Dagger            ||    11
       Peck              ||     2
       Kick              ||     1
 Fire: Shortbow          ||    20
Throw: Dart              ||     2
 Cast: Summon Small Mamm ||     1
  Use: Potion            ||     1
Armor: Robe              ||     6
Dodge: Dodged            ||    14
